AoeStats
← piambamaster

Arabia

509790994Analyzed
2v2 RM · 4d ago on Sep 28, 2026· 56m 1s· 4 players
Game mode
Random Map
Map size
Medium (4 player)
Population
200
Speed
Normal
Resources
Standard
Victory
Conquest
Starting age
Dark Age
Ending age
Imperial Age
RankedLock teamsTeams togetherTeam positionsShared explorationLock speedFull tech treeHidden civsTurbo modeCheats
Victory
Defeat
🇻🇪 Franks · Venezuela
820
+15
🇨🇱 Varangians · Chile
723
+19
🇺🇸 Ethiopians · United States
863
-20
🇨🇴 Persians · Colombia
715
-14
Jenson
13:29 Feudal Age
11:47 Loom
14:54 Wheelbarrow
14:10 Double-Bit Axe
16:36 Scale Barding Armor
16:42 Forging
16:40 Fletching
19:58 Horse Collar
24:00 Castle Age
22:48 Gold Mining
24:50 Husbandry
26:03 Hand Cart
27:58 Heavy Plow
28:13 Bow Saw
29:17 Vendel Legacy
36:17 Imperial Age
34:48 Town Watch
37:45 Capped Ram
40:09 Town Patrol
41:43 Chemistry
40:39 Murder Holes
44:45 Scale Mail Armor
47:41 Bodkin Arrow
48:02 Chain Mail Armor
48:34 Gothikon
50:13 Cavalier
53:15 Caravan
53:54 Crop Rotation
53:20 Crossbowman
54:45 Plate Mail Armor
darwinjrc1706
10:42 Feudal Age
12:22 Double-Bit Axe
20:33 Wheelbarrow
22:54 Castle Age
22:41 Scale Barding Armor
22:47 Forging
24:13 Husbandry
24:53 Iron Casting
24:40 Chain Barding Armor
26:41 Gold Mining
38:32 Imperial Age
36:53 Padded Archer Armor
36:43 Fletching
40:15 Plate Barding Armor
39:04 Cavalier
40:03 Elite Throwing Axeman
45:29 Conscription
46:58 Chivalry
47:05 Paladin
49:16 Chemistry
51:09 Hand Cart
50:39 Town Watch
51:00 Scale Mail Armor
52:01 Blast Furnace
51:17 Leather Archer Armor
50:59 Bodkin Arrow
56:13 Gold Shaft Mining
BULLXHILL
5:09 Loom
12:59 Feudal Age
18:43 Castle Age
16:55 Double-Bit Axe
17:14 Horse Collar
18:10 Gold Mining
18:44 Stone Mining
19:49 Bow Saw
19:42 Heavy Plow
25:34 Padded Archer Armor
25:24 Fletching
32:37 Imperial Age
30:47 Forging
30:38 Scale Mail Armor
30:44 Scale Barding Armor
33:45 Conscription
32:49 Halberdier
34:32 Wheelbarrow
35:06 Iron Casting
41:14 Chemistry
40:33 Chain Mail Armor
40:38 Chain Barding Armor
39:43 Heavy Camel Rider
41:21 Husbandry
42:30 Two-Man Saw
43:29 Heated Shot
47:42 Thumb Ring
46:57 Crossbowman
49:14 Light Cavalry
51:14 Squires
52:58 Leather Archer Armor
53:52 Arbalester
56:12 Hand Cart
piambamaster
0:55 Loom
11:18 Feudal Age
12:03 Double-Bit Axe
28:27 Castle Age
27:19 Horse Collar
27:33 Stone Mining
28:08 Gold Mining
30:22 Heavy Plow
30:36 Bow Saw
33:49 Wheelbarrow
33:03 Pikeman
33:43 Town Watch
35:00 Fletching
41:36 Imperial Age
41:32 Gold Shaft Mining
41:47 Bodkin Arrow
41:58 Kamandaran
41:51 Halberdier
43:50 Chemistry
43:11 Ballistics
42:28 Crossbowman
43:15 Thumb Ring
43:36 Conscription
47:51 Two-Man Saw
Connection lost

Rejoining the realm…

Still unreachable

The connection could not be restored.

Session expired

The server has moved on; the page needs a fresh start.